 Dungeon Crawl Stone Soup version 0.31-a0-8-gd14b0f4ee2 (webtiles) character file.

Game seed: 14860140537973350331

343 Moonkey the Conjurer (level 6, -2/36 HPs)
             Began as a Deep Elf Conjurer on May 6, 2023.
             Slain by a killer bee (5 damage)
             ... on level 5 of the Dungeon on May 7, 2023.
             The game lasted 00:08:34 (4513 turns).

Moonkey the Conjurer (Deep Elf Conjurer)            Turns: 4513, Time: 00:08:35

Health: -2/36      AC:  3    Str:  4    XL:     6   Next: 31%
Magic:  10/15      EV: 13    Int: 25    God:
Gold:   22         SH:  0    Dex: 13    Spells: 7/14 levels left

rFire   . . .        (no weapon)
rCold   . . .        (no shield)
rNeg    . . .        a - +0 robe
rPois   .            (no helmet)
rElec   .            f - +0 cloak
rCorr   .            (no gloves)
SInv    .            (no boots)
Will    .....        (no amulet)
Stlth   ++           i - ring of flight
HPRegen 0.26/turn    (no ring)
MPRegen 0.14/turn

%: no passive effects
@: lethally poisoned (-2 -> -6), flying
A: no striking features
a: no special abilities


You were on level 5 of the Dungeon.
You visited 1 branch of the dungeon, and saw 5 of its levels.

You collected 208 gold pieces.
You spent 186 gold pieces at shops.

Inventory:

Armour
 a - a +0 robe (worn)
 f - a +0 cloak (worn)
Jewellery
 i - a ring of flight (left hand)
Scrolls
 g - 5 scrolls of immolation {unknown}
 h - a scroll of fog
 k - a scroll of torment {unknown}
 l - 3 scrolls of teleportation {unknown}
 m - a scroll of blinking {unknown}
 n - 2 scrolls of magic mapping
 o - a scroll of enchant armour {unknown}
 p - a scroll of acquirement {unknown}
 s - a scroll of identify {unknown}
 t - 3 scrolls of noise {unknown}
 u - a scroll of fear
 v - a scroll of amnesia {unknown}
Potions
 b - a potion of magic
 c - 4 potions of attraction {unknown}
 d - 4 potions of degeneration {unknown}
 e - 2 potions of invisibility {unknown}
 j - a potion of heal wounds {unknown}
 q - 3 potions of curing {unknown}
 r - a potion of flight {unknown}


   Skills:
 * Level 2.4 Fighting
 + Level 3.4 Dodging
 + Level 3.8 Stealth
 * Level 4.8 Spellcasting
 * Level 5.6 Conjurations
 + Level 1.5 Translocations


You had 7 spell levels left.
You knew the following spells:

 Your Spells              Type           Power      Damage    Failure   Level
a - Magic Dart            Conj           100%       1d8       1%          1
b - Searing Ray           Conj           68%        2d6       1%          2
c - Iskenderun's Mystic   Conj/Tloc      23%        2d6       19%         4

Your spell library contained the following spells:

 Spells                   Type           Power      Damage    Failure   Level
 Dazzling Flash           Conj/Hex       40%        N/A       8%          3
 Tukima's Dance           Hex            6%         N/A       26%         3
 Fulminant Prism          Conj/Hex       10%        3d9       26%         4
 Passage of Golubria      Tloc           13%        N/A       41%         4
 Yara's Violent Unravell  Hex/Tmut       3%         3d4       93%         5


Dungeon Overview and Level Annotations

Branches:
Dungeon (5/15)
 Temple: D:4-7

Altars:
Nemelex Xobeh
Ru
Zin

Shops:
D:1 ?


Message History

A killer bee comes into view. x2
The killer bee moves out of view.
Casting: Magic Dart (safe; 1% risk of failure)
Confirm with . or Enter, or press ? or * to list all spells.
Okay, then.
The killer bee stings you!
There is an open door, spattered with blood here.
Casting: Magic Dart (safe; 1% risk of failure)
Confirm with . or Enter, or press ? or * to list all spells.
Aiming: Searing Ray (safe; 1% risk of failure)
Press: ? - help, Shift-Dir - straight line, f - killer bee, p - killer bee
Aim: a killer bee (61% to hit)
Okay, then.
Unknown command.
Casting: Searing Ray (safe; 1% risk of failure)
Confirm with . or Enter, or press ? or * to list all spells.
Aiming: Searing Ray (safe; 1% risk of failure)
Press: ? - help, Shift-Dir - straight line, p - killer bee The searing ray hits the killer bee!
The killer bee is heavily wounded. (Press . to maintain the ray.) Unknown command.
The searing ray hits the killer bee!
The killer bee is severely wounded.
The killer bee stings you.
You are poisoned.
The killer bee poisons you! The killer bee closely misses you.
The killer bee stings you!
The killer bee stings you but does no damage.
Casting: Searing Ray (safe; 1% risk of failure)
Confirm with . or Enter, or press ? or * to list all spells.
Okay, then.
The searing ray misses the killer bee.
You feel sick.
The killer bee stings you but does no damage.
The killer bee barely misses you. The killer bee stings you.
* * * LOW HITPOINT WARNING * * *
The killer bee stings you.
* * * LOW HITPOINT WARNING * * *
The killer bee stings you.
You die...

+#......# ###...#
.'......# #.....#
.#......# .#.....#
.#......# ..+.....#
##......##..##.....#
#....#+###..######'#
#....#.............#
#....'.........yyy.#
#....#..########@###
#....#..###.####...#
#....+....#........#
#....#....+........#
#....#'####'########
#.......###.#
#.......'...#
#.......#...#
#.......#...+


You could see 3 killer bees.

Vanquished Creatures
  A scorpion (D:4)
  Crazy Yiuf (D:3)
  3 hounds
  An orc wizard (D:5)
  5 adders (D:4)
  2 worms
  A dart slug (D:3)
  6 orcs
  6 ball pythons
  5 bats
  9 endoplasms
  10 giant cockroaches
  8 goblins
  7 hobgoblins
  4 jackals
  6 kobolds
  A quokka (D:3)
  3 frilled lizards
  3 rats
82 creatures vanquished.

Notes
Turn   | Place    | Note
-------+----------+-------------------------------------------
     0 | D:1      | Moonkey the Deep Elf Conjurer began the quest for the Orb.
     0 | D:1      | Reached XP level 1. HP: 10/10 MP: 6/6
   411 | D:1      | Reached XP level 2. HP: 16/16 MP: 6/8
   414 | D:1      | Learned a level 2 spell: Searing Ray
   774 | D:1      | Found Sahab's Magic Scroll Shop.
   777 | D:1      | Bought a scroll of fog for 48 gold pieces
  1139 | D:2      | Reached skill level 1 in Fighting
  1193 | D:2      | Reached XP level 3. HP: 20/20 MP: 8/10
  2343 | D:3      | Reached XP level 4. HP: 25/25 MP: 4/11
  2425 | D:3      | Learned a level 4 spell: Iskenderun's Mystic Blast
  2523 | D:3      | Found a runed translucent door.
  2524 | D:3      | Noticed Crazy Yiuf
  2803 | D:3      | Killed Crazy Yiuf
  2804 | D:3      | Reached skill level 5 in Conjurations
  3150 | D:4      | Reached XP level 5. HP: 28/30 MP: 6/13
  3256 | D:4      | Reached skill level 1 in Translocations
  3526 | D:4      | Found a sacrificial altar of Ru.
  3526 | D:4      | Found a sparkling altar of Nemelex Xobeh.
  3527 | D:4      | Found a glowing silver altar of Zin.
  3759 | D:4      | Reached XP level 6. HP: 35/35 MP: 11/14
  4052 | D:1      | Bought a scroll of magic mapping for 90 gold pieces
  4052 | D:1      | Bought a scroll of fear for 48 gold pieces
  4101 | D:5      | Entered Level 5 of the Dungeon
  4513 | D:5      | Slain by a killer bee

Illustrated notes

Levels and vault maps discovered:
D:1:      giann_horns, layout_basic, serial_shops, nicolae_shop_real_fake_doors
D:2:      layout_basic, nicolae_eternal_life
D:3:      layout_rooms, uniq_crazy_yiuf_cottage
D:4:      layout_basic, gammafunk_temple_overflow_claw
D:5:      layout_gridville

Skill      XL: |  1  2  3  4  5 |
---------------+----------------+-----
Fighting       | 1 2 |  2.4
Stealth        | 3 |  3.8
Dodging        | 3 |  3.4
Conjurations   | 5 |  5.6
Spellcasting   | 4 |  4.8
Translocations | 1 |  1.5

Action                     |  1- 3 |  4- 6 || total
---------------------------+-------+-------++-------
   Cast: Magic Dart        |    99 |    78 ||   177
         Searing Ray       |       |     3 ||     3
 Armour: Robe              |     3 |     5 ||     8
  Dodge: Dodged            |     6 |     6 ||    12

Table legend: (Time is in decaauts)
 A = Elapsed time spent in this place.
 B = Non-inter-level travel time spent in this place.
 C = Inter-level travel time spent in this place.
 D = Time resting spent in this place.
 E = Time spent auto-exploring this place.
 F = Levels seen in this place.
 G = Mean time per level.
                   A        B        C        D        E       F      G
               +--------+--------+--------+--------+--------+-----+--------+
         Total |   4514 |   4354 |    160 |    838 |   3114 |   5 |  902.8 |
       Dungeon |   4514 |   4354 |    160 |    838 |   3114 |   5 |  902.8 |
               +--------+--------+--------+--------+--------+-----+--------+

Top non-repeatable levels by time:
     D:4: 1181 daAuts
     D:1: 1031 daAuts
     D:2: 948 daAuts
     D:3: 941 daAuts
     D:5: 411 daAuts
